PL
D.C. DIVIDED @ OAKLAND OAKS
10/18/2025
 
TOP OF THE 1ST
D.C. Divided batting - Pitching for Oakland Oaks : RHP Matt Webber
Pitching: RHP Matt Webber
Batting: LHB Charles Mathes 0-0: Ball
1-0: Ball
2-0: Called Strike
2-1: Ground out 2-3 (Groundball, 2L)
Batting: RHB Tony Romero 0-0: Ball
1-0: Ball
2-0: Called Strike
2-1: Swinging Strike
2-2: Strikes out swinging
Batting: RHB Wilfred McLaughlin 0-0: Ball
1-0: DOUBLE (Flyball, 89D)
Batting: LHB Mike Gardner 0-0: Ball
1-0: Ball
2-0: Swinging Strike
2-1: Swinging Strike
2-2: Ball
3-2: Strikes out looking
Top of the 1st over - 0 run(s), 1 hit(s), 0 error(s), 1 left on base; D.C. 0 - Oakland 0
BOTTOM OF THE 1ST
Oakland Oaks batting - Pitching for D.C. Divided : LHP Tetsuzan Kaneko
Pitching: LHP Tetsuzan Kaneko
Batting: LHB Todd Williams 0-0: Ground out 3-1 (Groundball, 34)
Batting: RHB Tetsunori Kimura 0-0: Ball
1-0: Ball
2-0: Called Strike
2-1: SOLO HOME RUN (Line Drive, 78XD), Distance : 423 ft
Batting: LHB Edwin Church 0-0: Ball
1-0: Swinging Strike
1-1: Ball
2-1: Foul Ball, location: 2F
2-2: Foul Ball, location: 2F
2-2: Ball
3-2: Strikes out swinging
Batting: RHB Dave Henderson 0-0: Ball
1-0: Called Strike
1-1: Foul Ball, location: 2F
1-2: Fly out, F9 (Flyball, 89S)
Bottom of the 1st over - 1 run(s), 1 hit(s), 0 error(s), 0 left on base; D.C. 0 - Oakland 1
TOP OF THE 2ND
D.C. Divided batting - Pitching for Oakland Oaks : RHP Matt Webber
Batting: LHB Ray Sears 0-0: Ball
1-0: Called Strike
1-1: Swinging Strike
1-2: Ball
2-2: Strikes out swinging
Batting: RHB Lúcio López 0-0: Ball
1-0: Ball
2-0: DOUBLE (Flyball, 8LXD)
Batting: RHB Mario Castillo 0-0: Foul Ball, location: 2F
0-1: Ball
1-1: Foul Ball, location: 2F
1-2: Ball
2-2: Foul Ball, location: 2F
2-2: Ground out 5-3 (Groundball, 56S)
Lúcio López to third
Batting: RHB Yoshio Matsuo 0-0: Fly out, F9 (Flyball, 9S)
Top of the 2nd over - 0 run(s), 1 hit(s), 0 error(s), 1 left on base; D.C. 0 - Oakland 1
BOTTOM OF THE 2ND
Oakland Oaks batting - Pitching for D.C. Divided : LHP Tetsuzan Kaneko
Batting: LHB Todd Henry 0-0: Ball
1-0: Called Strike
1-1: Ball
2-1: Fly out, F8 (Flyball, 8RS)
Batting: LHB Jorge Vargas 0-0: Ball
1-0: DOUBLE (Line Drive, 9LD)
Batting: LHB Mal Wadley 0-0: SINGLE (Line Drive, 4MD)
Jorge Vargas to third
Batting: RHB Jim Lee 0-0: Called Strike
0-1: Called Strike
0-2: Foul Ball, location: 2F
0-2: Ball
1-2: Fly out, F9 (Flyball, 9LS)
Batting: SHB John Allen 0-0: Called Strike
0-1: Ball
1-1: Fielders Choice at 2nd, U6 (Groundball, 6M)
Bottom of the 2nd over - 0 run(s), 2 hit(s), 0 error(s), 2 left on base; D.C. 0 - Oakland 1
TOP OF THE 3RD
D.C. Divided batting - Pitching for Oakland Oaks : RHP Matt Webber
Batting: LHB Brad Elmore 0-0: Ball
1-0: Called Strike
1-1: Ball
2-1: Ball
3-1: Base on Balls
Batting: LHB Charles Mathes 0-0: Swinging Strike
0-1: Swinging Strike
0-2: Ball
Passed Ball!
Brad Elmore to second
1-2: Strikes out looking
Batting: RHB Tony Romero 0-0: Called Strike
0-1: Swinging Strike
0-2: Ball
1-2: Strikes out swinging
Batting: RHB Wilfred McLaughlin 0-0: Foul Ball, location: 2F
0-1: Foul Ball, location: 2F
0-2: Strikes out swinging
Top of the 3rd over - 0 run(s), 0 hit(s), 0 error(s), 1 left on base; D.C. 0 - Oakland 1
BOTTOM OF THE 3RD
Oakland Oaks batting - Pitching for D.C. Divided : LHP Tetsuzan Kaneko
Batting: LHB Todd Williams 0-0: Ball
1-0: Foul Ball, location: 2F
1-1: Ball
2-1: Bunted foul
2-2: Fly out, F8 (Flyball, 8RD)
Batting: RHB Tetsunori Kimura 0-0: Ground out 5-3 (Groundball, 5)
Batting: LHB Edwin Church 0-0: SOLO HOME RUN (Flyball, 9D), Distance : 377 ft
Batting: RHB Dave Henderson 0-0: Ball
1-0: Ball
2-0: Ground out 6-3 (Groundball, 6S)
Bottom of the 3rd over - 1 run(s), 1 hit(s), 0 error(s), 0 left on base; D.C. 0 - Oakland 2
TOP OF THE 4TH
D.C. Divided batting - Pitching for Oakland Oaks : RHP Matt Webber
Batting: LHB Mike Gardner 0-0: Ball
1-0: Ball
2-0: Called Strike
2-1: Swinging Strike
2-2: Strikes out swinging
Batting: LHB Ray Sears 0-0: Ball
1-0: Called Strike
1-1: Ground out 3-1 (Groundball, 34S)
Batting: RHB Lúcio López 0-0: Called Strike
0-1: Swinging Strike
0-2: Strikes out swinging
Top of the 4th over - 0 run(s), 0 hit(s), 0 error(s), 0 left on base; D.C. 0 - Oakland 2
BOTTOM OF THE 4TH
Oakland Oaks batting - Pitching for D.C. Divided : LHP Tetsuzan Kaneko
Batting: LHB Todd Henry 0-0: Called Strike
0-1: Ball
1-1: Ground out U3 (Groundball, 3S)
Batting: LHB Jorge Vargas 0-0: Foul Ball, location: 2F
0-1: Ball
1-1: Foul Ball, location: 2F
1-2: Ball
2-2: Foul Ball, location: 2F
2-2: Ball
3-2: Strikes out swinging
Batting: LHB Mal Wadley 0-0: Swinging Strike
0-1: Called Strike
0-2: DOUBLE (Line Drive, 9D)
Batting: RHB Jim Lee 0-0: Ball
1-0: Ball
2-0: Called Strike
2-1: Ground out 6-3 (Groundball, 6)
Bottom of the 4th over - 0 run(s), 1 hit(s), 0 error(s), 1 left on base; D.C. 0 - Oakland 2
TOP OF THE 5TH
D.C. Divided batting - Pitching for Oakland Oaks : RHP Matt Webber
Batting: RHB Mario Castillo 0-0: Swinging Strike
0-1: Called Strike
0-2: Strikes out looking
Batting: RHB Yoshio Matsuo 0-0: Foul Ball, location: 2F
0-1: Ball
1-1: Swinging Strike
1-2: Fly out, F8 (Flyball, 89S)
Batting: LHB Brad Elmore 0-0: Ball
1-0: Foul Ball, location: 2F
1-1: Swinging Strike
1-2: Foul Ball, location: 2F
1-2: Foul Ball, location: 2F
1-2: Ball
2-2: Ball
3-2: Foul Ball, location: 2F
3-2: Foul Ball, location: 2F
3-2: Foul Ball, location: 2F
3-2: Strikes out looking
Top of the 5th over - 0 run(s), 0 hit(s), 0 error(s), 0 left on base; D.C. 0 - Oakland 2
BOTTOM OF THE 5TH
Oakland Oaks batting - Pitching for D.C. Divided : LHP Tetsuzan Kaneko
Batting: SHB John Allen 0-0: Ball
1-0: Ball
2-0: Called Strike
2-1: Ball
3-1: Base on Balls
Batting: LHB Todd Williams 0-0: Called Strike
John Allen steals 2nd base
0-1: Ball
1-1: Foul Ball, location: 2F
1-2: Foul Ball, location: 2F
1-2: Foul Ball, location: 2F
1-2: Fly out, F7 (Flyball, 7)
Batting: RHB Tetsunori Kimura 0-0: Intentional Walk
Batting: LHB Edwin Church 0-0: Fly out, F7 (Flyball, 78M)
Batting: RHB Dave Henderson 0-0: Fly out, F7 (Flyball, 78D)
Bottom of the 5th over - 0 run(s), 0 hit(s), 0 error(s), 2 left on base; D.C. 0 - Oakland 2
TOP OF THE 6TH
D.C. Divided batting - Pitching for Oakland Oaks : RHP Matt Webber
Batting: LHB Charles Mathes 0-0: SINGLE (Groundball, 34D)
Batting: RHB Tony Romero 0-0: Ball
1-0: Ball
2-0: Grounds into double play, 6-4-3 (Groundball, 6)
Batting: RHB Wilfred McLaughlin 0-0: Swinging Strike
0-1: Swinging Strike
0-2: Ball
1-2: Ball
2-2: Ball
3-2: Foul Ball, location: 2F
3-2: Foul Ball, location: 2F
3-2: Strikes out swinging
Top of the 6th over - 0 run(s), 1 hit(s), 0 error(s), 0 left on base; D.C. 0 - Oakland 2
BOTTOM OF THE 6TH
Oakland Oaks batting - Pitching for D.C. Divided : LHP Tetsuzan Kaneko
Batting: LHB Todd Henry 0-0: Swinging Strike
0-1: Ball
1-1: SINGLE (Groundball, 4D)
Batting: LHB Jorge Vargas 0-0: Ball
1-0: Ball
2-0: Grounds into double play, 6-4-3 (Groundball, 6)
Batting: LHB Mal Wadley 0-0: Ball
1-0: Ball
2-0: Fly out, F8 (Flyball, 8RM)
Bottom of the 6th over - 0 run(s), 1 hit(s), 0 error(s), 0 left on base; D.C. 0 - Oakland 2
TOP OF THE 7TH
D.C. Divided batting - Pitching for Oakland Oaks : RHP Matt Webber
Now in RF: Ron Frazier
Batting: LHB Mike Gardner 0-0: Fly out, F9 (Flyball, 9D)
Batting: LHB Ray Sears 0-0: SINGLE (Line Drive, 56D)
Batting: RHB Lúcio López 0-0: Called Strike
0-1: Grounds into double play, 6-4-3 (Groundball, 6)
Top of the 7th over - 0 run(s), 1 hit(s), 0 error(s), 0 left on base; D.C. 0 - Oakland 2
BOTTOM OF THE 7TH
Oakland Oaks batting - Pitching for D.C. Divided : LHP Tetsuzan Kaneko
Batting: RHB Jim Lee 0-0: Fly out, F8 (Flyball, 8RM)
Batting: SHB John Allen 0-0: Swinging Strike
0-1: Foul Ball, location: 2F
0-2: Ball
1-2: Ball
2-2: Strikes out swinging
Batting: LHB Todd Williams 0-0: Ball
1-0: Fly out, F4 (Popup, 4D)
Bottom of the 7th over - 0 run(s), 0 hit(s), 0 error(s), 0 left on base; D.C. 0 - Oakland 2
TOP OF THE 8TH
D.C. Divided batting - Pitching for Oakland Oaks : RHP Matt Webber
Now at 3B: Jesús Quintanilla
Now at SS: Rafael Durango
Batting: RHB Mario Castillo 0-0: Called Strike
0-1: Foul Ball, location: 2F
0-2: Ball
1-2: Ball
2-2: Strikes out swinging
Batting: RHB Yoshio Matsuo 0-0: Ball
1-0: Ball
2-0: Called Strike
2-1: Swinging Strike
2-2: Strikes out swinging
Batting: LHB Brad Elmore 0-0: Ball
1-0: Fly out, F8 (Flyball, 8RM)
Top of the 8th over - 0 run(s), 0 hit(s), 0 error(s), 0 left on base; D.C. 0 - Oakland 2
BOTTOM OF THE 8TH
Oakland Oaks batting - Pitching for D.C. Divided : LHP Tetsuzan Kaneko
Batting: RHB Tetsunori Kimura 0-0: Ball
1-0: Called Strike
1-1: Foul Ball, location: 2F
1-2: SOLO HOME RUN (Line Drive, 8LXD), Distance : 433 ft
Batting: LHB Edwin Church 0-0: Ground out 4-3 (Groundball, 4)
Pitching: RHP José Alaniz
Batting: RHB Dave Henderson 0-0: Ball
1-0: Swinging Strike
1-1: Ball
2-1: Swinging Strike
2-2: Ball
3-2: Foul Ball, location: 2F
3-2: Strikes out looking
Batting: LHB Todd Henry 0-0: Ball
1-0: Swinging Strike
1-1: Called Strike
1-2: Ground out 3-1 (Groundball, 34)
Bottom of the 8th over - 1 run(s), 1 hit(s), 0 error(s), 0 left on base; D.C. 0 - Oakland 3
TOP OF THE 9TH
D.C. Divided batting - Pitching for Oakland Oaks : RHP Matt Webber
Batting: LHB Charles Mathes 0-0: SINGLE (Line Drive, 4M)
Batting: RHB Tony Romero 0-0: Grounds into double play, 4-6-3 (Groundball, 4)
Batting: RHB Wilfred McLaughlin 0-0: Ball
1-0: Called Strike
1-1: Foul Ball, location: 2F
1-2: Strikes out looking
Top of the 9th over - 0 run(s), 1 hit(s), 0 error(s), 0 left on base; D.C. 0 - Oakland 3
Friday, December 30th, 2016 - OOTP Baseball 17.12 Build 75